 Dungeon Crawl Stone Soup version 0.27.1-15-g792fb953b9 (webtiles) character file.

Game seed: 5147631269175384297

15 DarkinPuppy the Ducker (level 2, -2/12 HPs)
             Began as a Felid Transmuter on Nov 19, 2021.
             Was a Follower of Uskayaw.
             Slain by a kobold (6 damage)
             ... on level 2 of the Dungeon.
             The game lasted 00:07:31 (1404 turns).

DarkinPuppy the Ducker (Felid Transmuter)           Turns: 1404, Time: 00:07:31

Health: -2/12      AC:  1    Str:  6    XL:     2   Next: 34%
Magic:  4/6        EV: 17    Int: 14    God:    Uskayaw [*.....]
Gold:   24         SH:  0    Dex: 16    Spells: 2/5 levels left
                                        Lives:  0   Deaths: 0

rFire    . . .     SeeInvis +     - Unarmed
rCold    . . .     Faith    .   (shield unavailable)
rNeg     . . .     Spirit   .   (armour unavailable)
rPois    .         Reflect  .   (helmet unavailable)
rElec    .         Harm     .   (cloak unavailable)
rCorr    .         Rampage  .   (gloves unavailable)
Will     .....                  (boots unavailable)
Stlth    +.........             (no amulet)
HPRegen  0.04/turn              (no ring)
MPRegen  0.10/turn              (no ring)

@: wereblooded, quick
A: very small, claws 1, fangs 3, see invisible, speed 1, shaggy fur 1, stealthy
paws, no weapons or thrown items, no armour, multi-lived
a: Renounce Religion, Stomp


You were on level 2 of the Dungeon.
You worshipped Uskayaw.
Uskayaw was noncommittal.
You visited 1 branch of the dungeon, and saw 2 of its levels.

You collected 24 gold pieces.

Inventory:

Scrolls
 a - a scroll of blinking {unknown}
 b - 2 scrolls of identify {unknown}
 c - a scroll of silence {unknown}
Potions
 d - a potion of curing {unknown}


   Skills:
 * Level 1.2 Fighting
 + Level 3.1 Dodging
 + Level 3.0 Unarmed Combat
 * Level 2.2 Spellcasting
 * Level 2.5 Transmutations


You had 2 spell levels left.
You knew the following spells:

 Your Spells              Type           Power      Damage    Failure   Level
a - Beastly Appendage     Tmut           16%        N/A       9%          1
b - Wereblood             Tmut           8%         N/A       12%         2

Your spell library contained the following spells:

 Spells                   Type           Power      Damage    Failure   Level
 Sublimation of Blood     Necr           0%         N/A       34%         2
 Spider Form              Tmut/Pois      2%         N/A       38%         3
 Ice Form                 Ice/Tmut       5%         N/A       80%         4
 Summon Hydra             Summ           0%         N/A       100%        7


Dungeon Overview and Level Annotations

Branches:
Dungeon (2/15)

Altars:
Uskayaw

Annotations:
D:2 Terence


Innate Abilities, Weirdness & Mutations

You have sharp claws.
You have razor-sharp teeth.
You have supernaturally acute eyesight. (SInv)
You cover ground quickly. (Speed+)
You are covered in fur. (AC +1)
Your paws help you pounce on unaware monsters.
You are incapable of wielding weapons or throwing items.
You cannot wear armour.
You gain extra lives every three experience levels.


Message History

A bat is nearby!
Found a stone staircase leading up.
The bat completely misses you. The bat closely misses you.
The bat barely misses you. The bat barely misses you.
You closely miss the bat. The bat barely misses you.
You scratch the bat.
You kill the bat!
No target in view!
Your primal bloodlust is almost over.
Magic restored.
Your primal bloodlust has ended.
A bat comes into view.
The helpless bat fails to defend itself.
You claw the bat!
You kill the bat!
No target in view!
Terence the Incautious comes into view.
He is wielding a +0 short sword.
Terence is nearby!
A kobold comes into view. It is wielding a +0 short sword.
Terence shouts!
The kobold shouts!
The kobold throws a stone.
The stone barely misses you.
Casting: Wereblood (safe; 12% risk of failure)
Confirm with . or Enter, or press ? or * to list all spells.
Your blood is infused with primal strength.
The kobold throws a stone.
The stone misses you.
You scratch Terence but do no damage. Terence misses you.
You scratch Terence.
Terence is moderately wounded.
Terence barely misses you.
You scratch Terence but do no damage.
Terence is moderately wounded.
Terence hits you with a +0 short sword!
Ouch! That really hurt!
The kobold throws a stone.
The stone misses you. Terence closely misses you.
The kobold hits you with a +0 short sword.
Ouch! That really hurt!
You die...

#.#.# #.#######
#.#.# #.# #...# #.#
#.#<# #.# # #.#.#
#.# #..
#.#.#######.#
#...###.#.........#
.......@###.....#
.......K@...# #.###
##### .......###..#
#...# #...< #...###
#..###.#.# #.###
#.. #......#.# #.#
# #.†###.#.# #.#
#..##....###.###
....#............
###...............
####.....##.####


You could see Terence and a kobold.

Vanquished Creatures
  3 ball pythons (D:1)
  3 bats
  An endoplasm (D:1)
  A goblin (D:1)
  A hobgoblin (D:1)
  3 frilled lizards
  2 kobolds (D:1)
  2 rats (D:1)
16 creatures vanquished.

Notes
Turn   | Place    | Note
-------+----------+-------------------------------------------
     0 | D:1      | DarkinPuppy the Felid Transmuter began the quest for the
                  | Orb.
     0 | D:1      | Reached XP level 1. HP: 9/9 MP: 4/4
   738 | D:1      | Reached XP level 2. HP: 8/12 MP: 6/6
   880 | D:1      | Learned a level 2 spell: Wereblood
   906 | D:1      | Found a faded altar of an unknown god.
   919 | D:1      | Became a worshipper of Uskayaw the Reveller
   919 | D:1      | Reached * piety under Uskayaw
  1394 | D:2      | Noticed Terence
  1404 | D:2      | Slain by a kobold

Illustrated notes

Levels and vault maps discovered:
D:1:      shiori_arrival_maze, layout_basic, basic_ecumenical_altar
D:2:      layout_loops_ring, minivault_19, grunt_ministairs_8, uniq_jessica,
          uniq_terence

Skill      XL: |  1 |
---------------+----+-----
Dodging        | 3 |  3.1
Fighting       | |  1.2
Unarmed Combat | |  3.0
Spellcasting   | |  2.2
Transmutations | |  2.5

Action                   || total
-------------------------++-------
Melee: Unarmed           ||    36
       Bite              ||     2
 Cast: Wereblood         ||     2
 Stab: Sleeping          ||     1
Dodge: Dodged            ||    33
